 Dungeon Crawl Stone Soup version 0.29-a0-284-gf9362112df (webtiles) character file.

Game seed: 17715854565040108163

1331 rabbitsville the Thaumaturge (level 8, -3/58 HPs)
             Began as a Gnoll Wanderer on Mar 23, 2022.
             Was an Initiate of Okawaru.
             Shot with an arrow by a centaur (11 damage)
             ... on level 6 of the Dungeon.
             The game lasted 00:21:50 (5546 turns).

rabbitsville the Thaumaturge (Gnoll Wanderer)       Turns: 5546, Time: 00:21:51

Health: -3/58      AC:  4    Str: 11    XL:     8   Next: 60%
Magic:  12/20      EV: 13    Int: 13    God:    Okawaru [......]
Gold:   283        SH:  0    Dex: 13    Spells: 22/23 levels left

rFire   + + +      SeeInvis .   b - +6 hand axe "Ukyufi" {holy, rF++ rC- rN+}
rCold   x . .      Faith    .   (no shield)
rNeg    + . .      Spirit   .   d - +0 robe
rPois   .          Reflect  .   (no helmet)
rElec   .          Harm     .   l - +0 cloak
rCorr   .          Rampage  .   (no gloves)
Will    .....                   k - +0 pair of boots
Stlth   ++........              (no amulet)
HPRegen 0.19/turn               w - ring of protection from fire
MPRegen 0.17/turn               (no ring)

@: no status effects
A: fangs 1, strong nose, distributed training
a: Renounce Religion


You were on level 6 of the Dungeon.
You worshipped Okawaru.
Okawaru was noncommittal.
You visited 2 branches of the dungeon, and saw 7 of its levels.

You collected 283 gold pieces.

Inventory:

Hand Weapons
 a - a +0 hand crossbow
 b - the +6 hand axe "Ukyufi" (weapon) {holy, rF++ rC- rN+}
   (You found it on level 2 of the Dungeon)

   It has been blessed by the Shining One to cause great damage to the undead
   and demons.
   rF:        It greatly protects you from fire.
   rC:        It makes you vulnerable to cold.
   rN:        It protects you from negative energy.
Missiles
 h - a throwing net
Armour
 d - a +0 robe (worn)
 k - a +0 pair of boots (worn)
 l - a +0 cloak (worn)
Jewellery
 w - a ring of protection from fire (left hand)
Wands
 x - a wand of polymorph (4)
Scrolls
 e - 2 scrolls of enchant armour {unknown}
 f - a scroll of amnesia {unknown}
 g - a scroll of summoning {unknown}
 i - a scroll of blinking
 n - 6 scrolls of identify {unknown}
 o - 2 scrolls of teleportation {unknown}
 p - a scroll of noise {unknown}
 s - a scroll of fog {unknown}
 v - a scroll of magic mapping {unknown}
 y - 2 scrolls of immolation {unknown}
Potions
 c - 2 potions of brilliance
 j - a potion of haste
 m - 2 potions of curing {unknown}
 q - a potion of might {unknown}
 r - 3 potions of lignification {unknown}
 t - a potion of flight {unknown}
 u - a potion of magic {unknown}
 z - a potion of degeneration {unknown}


   Skills:
 + Level 3.4 Fighting
 + Level 3.4 Short Blades
 + Level 3.4 Long Blades
 + Level 3.4 Axes
 + Level 3.4 Maces & Flails
 + Level 3.4 Polearms
 + Level 3.4 Staves
 + Level 3.4 Slings
 + Level 3.4 Bows
 + Level 4.3 Crossbows
 + Level 3.4 Throwing
 + Level 3.4 Armour
 + Level 4.3 Dodging
 + Level 3.4 Stealth
 + Level 3.4 Shields
 + Level 3.4 Unarmed Combat
 + Level 8.0 Spellcasting
 + Level 2.8 Conjurations
 + Level 2.8 Hexes
 + Level 2.8 Summonings
 + Level 2.8 Necromancy
 + Level 2.8 Translocations
 + Level 2.8 Transmutations
 + Level 2.8 Fire Magic
 + Level 2.8 Ice Magic
 + Level 7.7 Air Magic
 + Level 2.8 Earth Magic
 + Level 2.8 Poison Magic
 + Level 3.7 Invocations
 + Level 4.3 Evocations


You had 22 spell levels left.
You knew the following spells:

 Your Spells              Type           Power      Damage    Failure   Level
a - Shock                 Conj/Air       72%        1d7       1%          1

Your spell library contained the following spells:

 Spells                   Type           Power      Damage    Failure   Level
 Swiftness                Air            25%        N/A       1%          3
 Apportation              Tloc           24%        N/A       4%          1
 Foxfire                  Conj/Fire      48%        2x1d6     4%          1
 Sandblast                Erth           24%        2d8       4%          1
 Passwall                 Tmut/Erth      10%        N/A       7%          2
 Conjure Flame            Conj/Fire      12%        6-21      13%         3
 Frozen Ramparts          Ice            24%        1d4       13%         3
 Inner Flame              Hex/Fire       12%        N/A       13%         3
 Stone Arrow              Conj/Erth      24%        3d8       13%         3
 Flame Wave               Conj/Fire      12%        2d6       41%         4
 Ice Form                 Ice/Tmut       12%        N/A       41%         4
 Animate Skeleton         Necr           Unusable   N/A       N/A         1
 Summon Small Mammal      Summ           Unusable   N/A       N/A         1
 Summon Lightning Spire   Summ/Air       Unusable   N/A       N/A         4
 Summon Ice Beast         Ice/Summ       Unusable   N/A       N/A         4

Dungeon Overview and Level Annotations

Branches:
Dungeon (6/15)             Temple (1/1) D:5

Altars:
Ashenzari
Cheibriados
Dithmenos
Hepliaklqana
Kikubaaqudgha
Okawaru
Qazlal
Ru
Trog
Uskayaw
Vehumet
Wu Jian
Xom
Yredelemnul
Zin
The Shining One
Beogh

Shops:
D:3 (

Annotations:
D:4 1 runed translucent door, Crazy Yiuf


Innate Abilities, Weirdness & Mutations

You have very sharp teeth.
Your uncanny sense of smell can sniff out nearby items.
Your experience applies equally to all skills.


Message History

Aiming: Shock (safe; 1% risk of failure)
Press: ? - help, Q - select action, (/) - cycle Shift-Dir - straight line, f - centaur
Aim: a centaur, wielding a +0 shortbow (83% to hit)
The zap hits the centaur.
The centaur is lightly wounded.
You feel sick.
The centaur shoots an arrow.
The arrow barely misses you.
The centaur shoots an arrow.
The arrow closely misses you.
Aiming: Shock (safe; 1% risk of failure)
Press: ? - help, Q - select action, (/) - cycle Shift-Dir - straight line, f/p - centaur
Aim: a centaur, wielding a +0 shortbow (lightly wounded, 83% to hit)
The zap hits the centaur.
The centaur is moderately wounded.
You feel sick.
The centaur shoots an arrow.
The arrow hits you.
Aiming: Shock (safe; 1% risk of failure)
Press: ? - help, Q - select action, (/) - cycle Shift-Dir - straight line, f/p - centaur
Aim: a centaur, wielding a +0 shortbow (moderately wounded, 83% to hit)
The zap hits the centaur!
The centaur is heavily wounded.
You feel sick.
Aiming: Shock (safe; 1% risk of failure)
Press: ? - help, Q - select action, (/) - cycle Shift-Dir - straight line, f/p - centaur
Aim: a centaur, wielding a +0 shortbow (heavily wounded, 83% to hit)
The zap misses the centaur.
You feel sick.
The centaur shoots an arrow.
The arrow barely misses you.
Aiming: Shock (safe; 1% risk of failure)
Press: ? - help, Q - select action, (/) - cycle Shift-Dir - straight line, f/p - centaur
Aim: a centaur, wielding a +0 shortbow (heavily wounded, 83% to hit)
The zap hits the centaur.
The centaur is almost dead.
You feel sick.
You are no longer poisoned.
The centaur shoots an arrow.
The arrow hits you.
The centaur shoots an arrow.
The arrow hits you!
* * * LOW HITPOINT WARNING * * *
Aiming: Shock (safe; 1% risk of failure)
Press: ? - help, Q - select action, (/) - cycle Shift-Dir - straight line, f/p - centaur
Aim: a centaur, wielding a +0 shortbow (almost dead, 83% to hit)
Okay, then.
The centaur shoots an arrow.
The arrow hits you!
You die...

..##....#
∆..#....#
#.#....# ...
.$# ∆ #####..
..# #......
#.#∆ #
#......##.##.#
#.......@....#
#......##.##.#
#.......#.#
#...c.#.#.#
#.....#.#.#
#.....#...#
##### ##..#
#..# ##.#


You could see a centaur.

Vanquished Creatures
  Sigmund (D:4)
  A steam dragon (D:4)
  Menkaure (D:4)
  A phantom (D:6)
  2 scorpions (D:6)
  A vampire bat (D:5)
  4 orc priests
  A hound (D:6)
  Jessica (D:2)
  4 iguanas
  Natasha (thrice) (D:2)
  3 orc wizards
  A scorpion zombie (D:3)
  4 adders
  3 gnolls (D:2)
  An ufetubus (D:4)
  8 dart slugs
  3 fire bats (D:5)
  14 orcs
  2 spectral bats (D:5)
  3 ball pythons (D:1)
  13 bats
  3 bat skeletons (D:5)
  A bat zombie (D:5)
  7 endoplasms
  6 giant cockroaches
  10 hobgoblins
  A quokka (D:1)
  A ball python zombie (D:3)
  A bat simulacrum (D:5)
  5 frilled lizards
  2 giant cockroach zombies (D:3)
  2 goblins
  9 kobolds
  A rat (D:1)
124 creatures vanquished.

Notes
Turn   | Place    | Note
-------+----------+-------------------------------------------
     0 | D:1      | rabbitsville the Gnoll Wanderer began the quest for the
                  | Orb.
     0 | D:1      | rabbitsville set off with the following items: a +0 hand
                  | crossbow, a +0 cloak, a potion of brilliance, a +0 robe;
                  | and the following spell memorised: Shock; and the following
                  | spells available to memorise: Swiftness, Summon Lightning
                  | Spire
     0 | D:1      | Reached XP level 1. HP: 13/13 MP: 8/8
   113 | D:1      | Reached XP level 2. HP: 19/19 MP: 5/10
   477 | D:1      | Reached XP level 3. HP: 22/25 MP: 6/11
  1014 | D:2      | Reached skill level 1 in Invocations
  1018 | D:2      | Noticed Natasha
  1025 | D:2      | Killed Natasha
  1026 | D:2      | Reached skill level 1 in Fighting
  1026 | D:2      | Reached skill level 1 in Short Blades
  1026 | D:2      | Reached skill level 1 in Long Blades
  1026 | D:2      | Reached skill level 1 in Axes
  1026 | D:2      | Reached skill level 1 in Maces & Flails
  1026 | D:2      | Reached skill level 1 in Polearms
  1026 | D:2      | Reached skill level 1 in Staves
  1026 | D:2      | Reached skill level 1 in Slings
  1026 | D:2      | Reached skill level 1 in Bows
  1026 | D:2      | Reached skill level 1 in Throwing
  1026 | D:2      | Reached skill level 1 in Armour
  1026 | D:2      | Reached skill level 1 in Stealth
  1026 | D:2      | Reached skill level 1 in Shields
  1026 | D:2      | Reached skill level 1 in Unarmed Combat
  1026 | D:2      | Reached XP level 4. HP: 17/32 MP: 10/13
  1118 | D:2      | Noticed Natasha
  1125 | D:2      | Killed Natasha
  1126 | D:2      | Reached skill level 1 in Conjurations
  1126 | D:2      | Reached skill level 1 in Hexes
  1126 | D:2      | Reached skill level 1 in Summonings
  1126 | D:2      | Reached skill level 1 in Necromancy
  1126 | D:2      | Reached skill level 1 in Translocations
  1126 | D:2      | Reached skill level 1 in Transmutations
  1126 | D:2      | Reached skill level 1 in Fire Magic
  1126 | D:2      | Reached skill level 1 in Ice Magic
  1126 | D:2      | Reached skill level 1 in Earth Magic
  1126 | D:2      | Reached skill level 1 in Poison Magic
  1138 | D:2      | Noticed Natasha
  1146 | D:2      | Killed Natasha
  1254 | D:2      | Reached XP level 5. HP: 37/37 MP: 11/14
  1254 | D:2      | Identified the +6 hand axe "Ukyufi" {holy, rF++ rC- rN+}
  1771 | D:2      | Noticed Jessica
  1773 | D:2      | Killed Jessica
  1868 | D:3      | Found a faded altar of an unknown god.
  2129 | D:3      | Reached XP level 6. HP: 33/44 MP: 12/16
  2307 | D:3      | Found Joaddoi's Antique Weapon Shoppe.
  2357 | D:3      | Found a basalt altar of Yredelemnul.
  2882 | D:4      | Found a runed translucent door.
  2883 | D:4      | Noticed Crazy Yiuf
  2929 | D:4      | Noticed Sigmund
  2938 | D:4      | Killed Sigmund
  2939 | D:4      | Reached XP level 7. HP: 48/51 MP: 11/18
  3092 | D:4      | Noticed a steam dragon
  3104 | D:4      | Killed a steam dragon
  3352 | D:4      | Found a shimmering altar of Xom.
  3387 | D:4      | Noticed Menkaure
  3395 | D:4      | Killed Menkaure
  3844 | D:5      | Entered Level 5 of the Dungeon
  3923 | D:5      | Found a staircase to the Ecumenical Temple.
  3935 | Temple   | Entered the Ecumenical Temple
  4010 | Temple   | Became a worshipper of Warmaster Okawaru
  4109 | D:5      | Reached XP level 8. HP: 57/57 MP: 13/19
  4614 | D:5      | Found a sacrificial altar of Ru.
  4623 | D:5      | Found a radiant altar of Vehumet.
  4625 | D:5      | Found an ancient bone altar of Kikubaaqudgha.
  4627 | D:5      | Found a glowing golden altar of the Shining One.
  5282 | D:6      | Reached skill level 8 in Spellcasting
  5546 | D:6      | Shot with an arrow by a centaur

Illustrated notes

Levels and vault maps discovered:
D:1:      heliophobic_arrival_henge, layout_loops_ring, minmay_splitting_lines,
          minmay_misc_feat_chi
D:2:      layout_rooms, uniq_natasha, uniq_jessica
D:3:      layout_rooms, nicolae_yredelemnul_corpse_copse,
          ebering_ecumenical_altar_abandoned, serial_shops,
          nicolae_diamond_shop, kennysheep_nondescript, kennysheep_orc_chapel
D:4:      layout_basic, xom_teletrap_fun, serial_curves, eino_curves_04,
          eino_curves_02, uniq_crazy_yiuf_cottage, uniq_sigmund, uniq_menkaure
D:5:      layout_loops_cross, minitemple, temple_hall, goddamned_bats
D:6:      layout_basic, bloody_makhleb
Temple:   eino_wide_crystal_templ

Skill      XL: |  1  2  3  4  5  6  7  8 |
---------------+-------------------------+-----
Invocations    | 1 2 3 |  3.7
Fighting       | 1 2 3 |  3.4
Short Blades   | 1 2 3 |  3.4
Long Blades    | 1 2 3 |  3.4
Axes           | 1 2 3 |  3.4
Maces & Flails | 1 2 3 |  3.4
Polearms       | 1 2 3 |  3.4
Staves         | 1 2 3 |  3.4
Slings         | 1 2 3 |  3.4
Bows           | 1 2 3 |  3.4
Throwing       | 1 2 3 |  3.4
Armour         | 1 2 3 |  3.4
Stealth        | 1 2 3 |  3.4
Shields        | 1 2 3 |  3.4
Unarmed Combat | 1 2 3 |  3.4
Conjurations   | 1 2 |  2.8
Hexes          | 1 2 |  2.8
Summonings     | 1 2 |  2.8
Necromancy     | 1 2 |  2.8
Translocations | 1 2 |  2.8
Transmutations | 1 2 |  2.8
Fire Magic     | 1 2 |  2.8
Ice Magic      | 1 2 |  2.8
Earth Magic    | 1 2 |  2.8
Poison Magic   | 1 2 |  2.8
Crossbows      | 3 4 |  4.3
Dodging        | 3 4 |  4.3
Evocations     | 3 4 |  4.3
Spellcasting   | 8 |  8.0
Air Magic      | |  7.7

Action                   |  1- 3 |  4- 6 |  7- 9 || total
-------------------------+-------+-------+-------++-------
Melee: Hand axe          |       |    29 |    77 ||   106
       Bite              |       |     5 |    10 ||    15
       Punch             |       |     1 |     1 ||     2
 Fire: Hand crossbow     |    28 |    35 |       ||    63
 Cast: Shock             |    45 |    86 |    83 ||   214
  Use: Scroll            |       |       |     1 ||     1
 Stab: Sleeping          |       |     1 |     4 ||     5
Armor: Robe              |     5 |    12 |    30 ||    47
Dodge: Dodged            |     4 |    27 |    84 ||   115

Table legend: (Time is in decaauts)
 A = Elapsed time spent in this place.
 B = Non-inter-level travel time spent in this place.
 C = Inter-level travel time spent in this place.
 D = Time resting spent in this place.
 E = Time spent auto-exploring this place.
 F = Levels seen in this place.
 G = Mean time per level.
                   A        B        C        D        E       F      G
               +--------+--------+--------+--------+--------+-----+--------+
         Total |   5584 |   5512 |     72 |   1332 |   2695 |   7 |  797.7 |
       Dungeon |   5481 |   5409 |     72 |   1332 |   2695 |   6 |  913.5 |
        Temple |    102 |    102 |      0 |      0 |      0 |   1 |  102.0 |
               +--------+--------+--------+--------+--------+-----+--------+

Top non-repeatable levels by time:
     D:4: 1517 daAuts
     D:5: 1091 daAuts
     D:1: 1008 daAuts
     D:2: 872 daAuts
     D:3: 636 daAuts
     D:6: 355 daAuts
  Temple: 102 daAuts
